 Dungeon Crawl Stone Soup version 0.28.0-45-g0d030f2227 (webtiles) character file.

Game seed: 866157699667051789

1768 NinjaNoafa the Skirmisher (level 8, -6/73 HPs)
             Began as a Minotaur Berserker on Apr 4, 2022.
             Was a Priest of Trog.
             Killed from afar by a steam dragon (13 damage)
             ... with a ball of steam
             ... on level 6 of the Dungeon.
             The game lasted 00:18:06 (6142 turns).

NinjaNoafa the Skirmisher (Minotaur Berserker)      Turns: 6142, Time: 00:18:07

Health: -6/73      AC: 11    Str: 24    XL:     8   Next: 80%
Magic:  7/7        EV:  7    Int:  4    God:    Trog [***...]
Gold:   337        SH: 15    Dex: 14    Spells: 7/7 levels left

rFire   . . .      SeeInvis .   j - +6 short sword "Arcanum" {flame, Dex+4}
rCold   . . .      Faith    .   h - +1 tower shield
rNeg    + . .      Spirit   .   l - +0 chain mail
rPois   .          Reflect  .   (helmet restricted)
rElec   .          Harm     .   (no cloak)
rCorr   +          Rampage  .   D - +0 pair of gloves
Will    ++...                   (no boots)
Stlth   ..........              (no amulet)
HPRegen 1.22/turn               n - ring of positive energy
MPRegen 0.10/turn               s - ring of resist corrosion

@: mighty, strong-willed, regenerating
A: horns 2, retaliatory headbutt
a: Renounce Religion, Berserk, Trog's Hand


You were on level 6 of the Dungeon.
You worshipped Trog.
Trog was most pleased with you.
You visited 1 branch of the dungeon, and saw 6 of its levels.

You collected 337 gold pieces.

Inventory:

Hand Weapons
 a - a +0 vampiric battleaxe
 d - a +1 dagger of venom
 g - a +1 short sword of speed
 j - the +6 short sword "Arcanum" (weapon) {flame, Dex+4}
   (You found it on level 2 of the Dungeon)

   It burns those it strikes, dealing additional fire damage.
   Dex:       It affects your dexterity (+4).
 w - a +1 rapier of flaming
Missiles
 b - 5 poisoned darts
 k - 150 stones
 u - 2 throwing nets (quivered)
Armour
 h - a +1 tower shield (worn)
 l - a +0 chain mail (worn)
 D - a +0 pair of gloves (worn)
Jewellery
 n - a ring of positive energy (left hand)
 s - a ring of resist corrosion (right hand)
Wands
 c - a wand of flame (12)
 r - a wand of charming (9)
 E - a wand of iceblast (10)
Scrolls
 e - a scroll of holy word
 i - a scroll of fog {unknown}
 m - a scroll of vulnerability
 o - a scroll of amnesia
 p - a scroll of blinking
 q - 4 scrolls of teleportation
 v - a scroll of immolation
 y - a scroll of fear {unknown}
Potions
 f - 3 potions of degeneration
 x - a potion of lignification
 B - 2 potions of ambrosia {unknown}
 C - 2 potions of curing
 F - a potion of brilliance


   Skills:
 + Level 7.3 Fighting
 * Level 4.8 Short Blades
 - Level 3.8 Polearms
 + Level 6.4 Armour
 - Level 6.0 Dodging
 - Level 6.0 Shields


You had 7 spell levels left.
You didn't know any spells.
Your spell library was empty.

Dungeon Overview and Level Annotations

Branches:
Dungeon (6/15)
 Temple: D:4-7

Altars:
Cheibriados
Hepliaklqana
Makhleb
Ru
Sif Muna
Xom

Shops:
D:6 *


Innate Abilities, Weirdness & Mutations

You have a pair of horns on your head.
You reflexively headbutt those who attack you in melee.


Message History

You are engulfed in a cloud of scalding steam.
* * * LOW HITPOINT WARNING * * *
The steam dragon breathes steam at you. The ball of steam hits you!
* * * LOW HITPOINT WARNING * * *
It was a potion of cancellation.
Your magical effects are unravelling.
You feel magically purged.
You feel a little less mighty now.
The steam dragon bites you but does no damage.
The steam dragon claws you but does no damage.
You feel better. The steam dragon breathes steam at you.
The ball of steam hits you!
* * * LOW HITPOINT WARNING * * *
You feel very mighty all of a sudden.
You are engulfed in a cloud of scalding steam.
* * * LOW HITPOINT WARNING * * *
You block the steam dragon's attack. x2
The bullfrog hits you but does no damage.
You completely miss the steam dragon.
The steam dragon is severely wounded.
You are engulfed in a cloud of scalding steam.
The bullfrog hits you but does no damage.
You block the steam dragon's attack.
The steam dragon claws you but does no damage.
You block the bullfrog's attack. The steam dragon bites you.
* * * LOW HITPOINT WARNING * * *
The steam dragon claws you but does no damage.
Your skin crawls.
You feel strong-willed.
You are engulfed in a cloud of scalding steam.
The bullfrog is engulfed in a cloud of scalding steam.
The bullfrog barely misses you.
The bullfrog is engulfed in a cloud of scalding steam.
The bullfrog hits you.
* * * LOW HITPOINT WARNING * * *
The steam dragon breathes steam at you. The ball of steam hits you!
You die...

......# #........ .... ... ..#
##........ ....
.#...#####.####.###......... #...
.....##...##...#........... ##..#
....##...##...............
#....###...#.......).............
.....O##...#.§#.#................
.......##.##.#..F#...............
##....#...#§§.§@D.........#.....
##.........<.#†..#......<..#..#..
#.............#.#...........###..
..........##.......##.......# #..
#........####..###.##..##..#####.
#.........###..........###.##....
#.......................##..#....
............###.........#...#....
.........)...##.....[.........)[)


You could see a steam dragon (catching breath) and a bullfrog.

Vanquished Creatures
  Duvessa (D:5)
  A hornet zombie (D:5)
  2 black bears
  An orc warrior (D:6)
  A sky beast (D:5)
  5 ogres
  A phantom (D:6)
  A kobold brigand (D:6)
  2 scorpions
  Dowan (D:5)
  2 hounds
  3 iguanas (D:5)
  Terence (D:2)
  2 orc wizards (D:5)
  A hound skeleton (D:4)
  13 adders
  A shadow imp (D:3)
  An adder skeleton (D:4)
  3 worms
  A dart slug (D:1)
  13 orcs
  12 ball pythons
  7 endoplasms
  2 giant cockroaches
  7 goblins
  10 hobgoblins
  2 jackals (D:4)
  3 quokkas
  8 bats
  5 frilled lizards
  8 kobolds
  2 rats (D:1)
123 creatures vanquished.

Notes
Turn   | Place    | Note
-------+----------+-------------------------------------------
     0 | D:1      | NinjaNoafa the Minotaur Berserker began the quest for the
                  | Orb.
     0 | D:1      | Reached XP level 1. HP: 19/19 MP: 0/0
   320 | D:1      | Reached XP level 2. HP: 27/27 MP: 1/1
   364 | D:1      | Reached skill level 4 in Fighting
   798 | D:1      | Reached XP level 3. HP: 26/33 MP: 2/2
   878 | D:1      | Reached ** piety under Trog
  1202 | D:2      | Identified the +6 short sword "Arcanum" {flame, Dex+4}
  1513 | D:2      | Noticed Terence
  1519 | D:2      | Killed Terence
  1520 | D:2      | Reached skill level 1 in Short Blades
  1738 | D:2      | Reached XP level 4. HP: 41/41 MP: 3/3
  2141 | D:3      | Found a faded altar of an unknown god.
  2292 | D:3      | Found a large runed translucent door.
  2293 | D:3      | Found a large runed translucent door.
  2293 | D:3      | Noticed a black bear
  2305 | D:3      | Killed a black bear
  2306 | D:3      | Reached XP level 5. HP: 47/47 MP: 4/4
  2318 | D:3      | Found a shimmering blue altar of Sif Muna.
  2327 | D:3      | Found a hazy altar of Hepliaklqana.
  3108 | D:4      | Reached XP level 6. HP: 39/55 MP: 5/5
  3111 | D:4      | Reached skill level 5 in Fighting
  3121 | D:4      | Reached skill level 1 in Shields
  3323 | D:4      | Found a burning altar of Makhleb.
  3534 | D:4      | Reached skill level 5 in Armour
  3573 | D:4      | Reached *** piety under Trog
  3861 | D:4      | Found a sacrificial altar of Ru.
  3961 | D:4      | Found a shimmering altar of Xom.
  4029 | D:5      | Entered Level 5 of the Dungeon
  4139 | D:5      | Reached XP level 7. HP: 25/62 MP: 6/6
  4431 | D:5      | Noticed Duvessa
  4431 | D:5      | Noticed Dowan
  4451 | D:5      | Killed Dowan
  4452 | D:5      | Reached skill level 6 in Fighting
  4462 | D:5      | Killed Duvessa
  4463 | D:5      | HP: 3/141 [ogre/+0 giant spiked club (18)]
  5001 | D:5      | Reached XP level 8. HP: 62/71 MP: 7/7
  5375 | D:5      | Found a snail-covered altar of Cheibriados.
  5544 | D:6      | Found Aduyrient's Overcharged Wands.
  5550 | D:6      | Reached skill level 7 in Fighting
  5550 | D:6      | Reached skill level 5 in Dodging
  5550 | D:6      | Reached skill level 5 in Shields
  6142 | D:6      | Killed from afar by a steam dragon

Illustrated notes

Levels and vault maps discovered:
D:1:      beargit_arrival_greenhouse, layout_loops_ring, serial_aquarium,
          aquarium_bridge_straight [aquarium_subvault_bridge,
          aquarium_subvault_wall, aquarium_subvault_bridge,
          aquarium_subvault_window], aquarium_bridge_square
          [aquarium_subvault_window, aquarium_subvault_bridge,
          aquarium_subvault_bridge, aquarium_subvault_window],
          aquarium_window_fake, aquarium_window_1, aquarium_window_1,
          aquarium_view_2d, aquarium_balcony_double_1, aquarium_pool_1
D:2:      layout_loops_ring, uniq_terence
D:3:      layout_basic, jmf_multi_god_temple2,
          hellmonk_ecumenical_altar_inner_sanctum, minivault_27,
          minmay_randomly_rotated_circles
D:4:      layout_rooms, mainiacjoe_overflow_alcove_2, makhleb_heckhound_becter,
          nicolae_ru_the_path_less_chosen, grunt_ministairs_6,
          hangedman_decor_opposing, minmay_snake_closets
D:5:      layout_loops_ring, chei_slow_surprise, uniq_duvessa
D:6:      layout_cave_pools, nicolae_shop_overcharged_wands

Skill      XL: |  1  2  3  4  5  6  7  8 |
---------------+-------------------------+-----
Fighting       | 4 5 6 7 |  7.3
Armour         | 3 4 5 6 |  6.4
Short Blades   | 1 2 3 4 |  4.8
Dodging        | 3 4 6 |  6.0
Shields        | 2 4 6 |  6.0
Polearms       | |  3.8

Action                   |  1- 3 |  4- 6 |  7- 9 || total
-------------------------+-------+-------+-------++-------
Melee: Spear             |    41 |       |       ||    41
       Headbutt          |     8 |    10 |    23 ||    41
       Short sword       |    32 |   112 |   130 ||   274
       Punch             |     1 |       |       ||     1
Invok: Berserk           |       |     1 |     1 ||     2
       Trog's Hand       |       |       |     1 ||     1
  Use: Potion            |       |     4 |     8 ||    12
       Scroll            |       |     8 |     1 ||     9
 Stab: Sleeping          |     2 |       |       ||     2
Armor: Animal skin       |     7 |       |       ||     7
       Chain mail        |     3 |    86 |    56 ||   145
       Skin              |       |       |     7 ||     7
Dodge: Dodged            |    41 |    37 |    30 ||   108
Block: Tower shield      |       |    67 |   121 ||   188
